 Dungeon Crawl Stone Soup version 0.19.1-1-g22dce08 (webtiles) character file.

266 Queen the Cudgeler (level 6, -4/35 HPs)
             Began as a Gargoyle Gladiator on Jan 13, 2017.
             Slain by fatfloppyjuicyveiny's ghost (9 damage)
             ... on level 4 of the Dungeon.
             The game lasted 00:08:10 (3129 turns).

Queen the Cudgeler (Gargoyle Gladiator)             Turns: 3129, Time: 00:08:11

Health: -4/35      AC: 13    Str: 19    XL:     6   Next: 20%
Magic:  6/6        EV:  8    Int:  8    God:
Gold:   199        SH:  0    Dex: 12    Spells: 0 memorised, 5 levels left

rFire  . . .     SeeInvis .     a - +0 flail
rCold  . . .     Gourm    .     q - +0 chain mail
rNeg   + . .     Faith    .     (no shield)
rPois  ∞         Spirit   .     t - +0 helmet
rElec  +         Reflect  .     (no cloak)
rCorr  .         Harm     .     (no gloves)
MR     .....                    (no boots)
Stlth  ..........               (no amulet)
                                (no ring)
                                (no ring)

@: no status effects
A: negative energy resistance 1, electricity resistance, unbreathing,
petrification resistance, rot immunity, AC +4
a: no special abilities


You were on level 4 of the Dungeon.
You were not hungry.

You visited 1 branch of the dungeon, and saw 4 of its levels.

You collected 199 gold pieces.

Inventory:

Hand Weapons
 a - a +0 flail (weapon)
Missiles
 d - a throwing net
 i - 4 tomahawks (quivered)
Armour
 c - a +0 helmet
 q - a +0 chain mail (worn)
 t - a +0 helmet (worn)
Wands
 r - a wand of iceblast (3/15)
Scrolls
 e - a scroll of magic mapping {unknown}
 g - a scroll of teleportation {unknown}
 l - a scroll of remove curse {unknown}
 n - a scroll of random uselessness {unknown}
Potions
 o - 2 potions of haste
 p - 3 potions of curing
 s - a potion of resistance
Comestibles
 b - 8 chunks of flesh
 f - 3 bread rations
 j - a meat ration
 k - a beef jerky
 m - 5 fruits


   Skills:
 - Level 2.1 Fighting
 + Level 6.7 Maces & Flails
 - Level 1.7 Throwing
 - Level 2.4 Dodging


You had 5 spell levels left.
You didn't know any spells.

Dungeon Overview and Level Annotations

Branches:
Dungeon (4/15)
 Temple: D:4-7

Altars:
Gozag

Annotations:
D:4 fatfloppyjuicyveiny's ghost, amateur TrMo


Innate Abilities, Weirdness & Mutations

You are resistant to torment.
Your stone body is resilient. (AC +4)
You are immune to poison.
You resist negative energy. (rN+)
You are resistant to electric shocks. (rElec)
You can survive without breathing.
You are immune to petrification.
You are immune to rotting.


Message History

* * * LOW HITPOINT WARNING * * *
You feel much better.
Fatfloppyjuicyveiny's ghost swings its fists at you.
Fatfloppyjuicyveiny's ghost hits you!
You hit fatfloppyjuicyveiny's ghost.
Fatfloppyjuicyveiny's ghost is severely damaged.
Fatfloppyjuicyveiny's ghost hits you!
* * * LOW HITPOINT WARNING * * *
You barely miss fatfloppyjuicyveiny's ghost.
Fatfloppyjuicyveiny's ghost is severely damaged.
Fatfloppyjuicyveiny's ghost hits you.
* * * LOW HITPOINT WARNING * * *
You hit fatfloppyjuicyveiny's ghost but do no damage.
Fatfloppyjuicyveiny's ghost is severely damaged.
Fatfloppyjuicyveiny's ghost hits you.
* * * LOW HITPOINT WARNING * * *
Your chain mail prevents you from hitting fatfloppyjuicyveiny's ghost.
Fatfloppyjuicyveiny's ghost is severely damaged.
Fatfloppyjuicyveiny's ghost hits you!
You die... ########### #......[..# . #.........# W. #..<......# oh.

#.........# ....
######@#### .....
######W#########o....!
#......(...#....h....#
#.......(............!
#.....................
#..........#....<....#
######.#############.#
#.# . #.#


You could see fatfloppyjuicyveiny's ghost.

Vanquished Creatures
  A hound (D:3)
  An orc priest (D:4)
  2 worker ants (D:4)
  Robin (D:3)
  5 adders
  2 oozes
  2 worms (D:2)
  A dart slug (D:2)
  A leopard gecko (D:1)
  3 orcs
  8 bats
  3 giant cockroaches
  14 goblins
  11 hobgoblins
  8 jackals
  5 kobolds
  A quokka (D:3)
  4 ball pythons
  2 frilled lizards
  8 rats
83 creatures vanquished.

Notes
Turn   | Place    | Note
-------+----------+-------------------------------------------
     0 | D:1      | Queen the Gargoyle Gladiator began the quest for the Orb.
     0 | D:1      | Reached XP level 1. HP: 12/12 MP: 1/1
   185 | D:1      | Reached XP level 2. HP: 10/17 MP: 2/2
   572 | D:1      | Reached skill level 4 in Maces & Flails
   699 | D:1      | Reached XP level 3. HP: 9/21 MP: 3/3
  1349 | D:2      | Reached XP level 4. HP: 13/26 MP: 4/4
  1655 | D:2      | Reached skill level 5 in Maces & Flails
  1963 | D:2      | Found an opulent altar of Gozag.
  2136 | D:3      | Reached XP level 5. HP: 30/30 MP: 5/5
  2520 | D:3      | Noticed Robin
  2556 | D:3      | Killed Robin
  2562 | D:3      | Reached skill level 6 in Maces & Flails
  3037 | D:4      | Reached XP level 6. HP: 29/35 MP: 6/6
  3046 | D:4      | Noticed fatfloppyjuicyveiny's ghost (amateur TrMo)
  3129 | D:4      | Slain by fatfloppyjuicyveiny's ghost

Skill      XL: |  1  2  3  4  5 |
---------------+----------------+-----
Maces & Flails | 4 5 6 |  6.7
Fighting       | |  2.1
Throwing       | |  1.7
Dodging        | |  2.4

Action                   |  1- 3 |  4- 6 || total
-------------------------+-------+-------++-------
Melee: Flail             |   121 |   222 ||   343
Throw: Throwing net      |       |     2 ||     2
       Tomahawk          |       |     1 ||     1
  Use: Scroll            |       |     4 ||     4
       Potion            |       |     2 ||     2
  Eat: Chunk             |     1 |     7 ||     8
Armor: Leather armour    |    58 |     7 ||    65
       Chain mail        |       |   111 ||   111
Dodge: Dodged            |    98 |    81 ||   179
